 Dungeon Crawl Stone Soup version 0.30.1-3-gfc49f6343a (webtiles) character file.

Game seed: 17121367233760265097

7214 Pepete the Arsonist (level 10, -2/69 HPs)
             Began as a Grey Draconian Fire Elementalist on July 26, 2023.
             Was a Follower of Vehumet.
             Slain by a centaur warrior (4 damage)
             ... on level 9 of the Dungeon on July 27, 2023.
             The game lasted 00:23:29 (19800 turns).

Pepete the Arsonist (DrFE)                         Turns: 19800, Time: 00:23:29

Health: -2/69      AC: 13    Str: 10    XL:     10   Next: 87%
Magic:  18/22      EV: 11    Int: 22    God:    Vehumet [*.....]
Gold:   531        SH:  5    Dex: 14    Spells: 16/26 levels left

rFire   + . .        F - staff of fire
rCold   . . .        q - +0 buckler
rNeg    + + .        (body armour unavailable)
rPois   .            (helmet restricted)
rElec   .            (no cloak)
rCorr   .            w - +0 pair of gloves
SInv    .            (no boots)
Will    +....        A - amulet of magic regeneration
Stlth   ++           u - ring of positive energy
HPRegen 0.31/turn    o - ring "Neniwnusm" {Wiz rN+ Will+ Int+2 Dex+2}
MPRegen 0.58/turn

%: wizardry (x1)
@: about to teleport, marked
A: AC +12, amphibious, unfitting armour, cold-blooded
a: Renounce Religion


You were on level 9 of the Dungeon.
You worshipped Vehumet.
Vehumet was aware of your devotion.
You visited 2 branches of the dungeon, and saw 11 of its levels.
You also visited: Ossuary.

You collected 531 gold pieces.

Inventory:

Hand Weapons
 E - a +0 whip
 G - a +2 whip of electrocution
Armour
 q - a +0 buckler (worn)
 w - a +0 pair of gloves (worn)
Magical Staves
 F - a staff of fire (weapon)
Jewellery
 a - a +6 ring of dexterity
 o - the ring "Neniwnusm" (right hand) {Wiz rN+ Will+ Int+2 Dex+2}
   (You acquired it on level 9 of the Dungeon)

   [ring of wizardry]

   It improves your spell success rate.
   Int:       It affects your intelligence (+2).
   Dex:       It affects your dexterity (+2).
   rN:        It protects you from negative energy.
   Will:      It increases your willpower.
 u - a ring of positive energy (left hand)
 A - an amulet of magic regeneration (around neck)
 K - a +4 ring of slaying
 L - a ring of willpower
 N - a ring of see invisible
Wands
 e - a wand of polymorph (32)
 h - a wand of charming (31)
 n - a wand of roots (3)
 B - a wand of mindburst (16)
 D - a wand of flame (22)
 H - a wand of light (9)
Scrolls
 b - 2 scrolls of fog
 d - a scroll of poison
 p - a scroll of immolation
 r - 2 scrolls of noise {unknown}
 s - a scroll of enchant weapon
 v - 3 scrolls of amnesia {unknown}
 x - a scroll of vulnerability
 y - a scroll of enchant armour
 C - 2 scrolls of blinking {unknown}
 I - a scroll of brand weapon
 J - 2 scrolls of identify
Potions
 c - a potion of curing
 f - a potion of magic
 g - a potion of might
 i - a potion of degeneration {unknown}
 j - a potion of ambrosia {unknown}
 k - 2 potions of heal wounds {unknown}
 l - a potion of mutation {unknown}
 m - 3 potions of haste
 t - a potion of flight {unknown}
 z - a potion of invisibility {unknown}


   Skills:
 - Level 1.7 Dodging
 - Level 1.7 Stealth
 + Level 5.6 Shields
 + Level 8.6 Spellcasting
 + Level 9.1 Conjurations
 + Level 9.7 Fire Magic


You had 16 spell levels left.
You knew the following spells:

 Your Spells              Type           Power      Damage    Failure   Level
a - Foxfire               Conj/Fire      100%       2x1d9     1%          1
b - Scorch                Fire           100%       2d9       1%          2
c - Volatile Blastmotes   Fire/Tloc      92%        2d17      1%          3
d - Flame Wave            Conj/Fire      67%        2d15      1%          4

Your spell library contained the following spells:

 Spells                   Type           Power      Damage    Failure   Level
 Sandblast                Erth           18%        2d7       4%          1
 Magic Dart               Conj           100%       1d8       1%          1
 Inner Flame              Hex/Fire       46%        N/A       1%          3
 Stone Arrow              Conj/Erth      58%        3d10      1%          3
 Sticky Flame             Conj/Fire      67%        2d8       1%          4
 Mephitic Cloud           Conj/Pois/Air  23%        N/A       3%          3
 Call Imp                 Summ           18%        N/A       6%          2
 Sublimation of Blood     Necr           9%         N/A       6%          2
 Gell's Gravitas          Tloc           9%         N/A       12%         3
 Teleport Other           Tloc           9%         N/A       12%         3
 Vhi's Electric Charge    Tloc/Air       18%        N/A       12%         3
 Arcjolt                  Conj/Air       14%        1d24      16%         5
 Irradiate                Conj/Tmut      14%        3d16      16%         5
 Anguish                  Hex/Necr       4%         N/A       34%         4
 Cause Fear               Hex            4%         N/A       34%         4
 Petrify                  Tmut/Erth      9%         N/A       34%         4
 Plasma Beam              Fire/Air       23%        2x1d38    58%         6
 Dispersal                Tloc           4%         N/A       99%         6
 Enfeeble                 Hex            4%         N/A       100%        7
 Lehudib's Crystal Spear  Conj/Erth      14%        10d5      100%        8
 Animate Armour           Summ/Erth      Unusable   N/A       N/A         4

Dungeon Overview and Level Annotations

Branches:
Dungeon (10/15)            Temple (1/1) D:4         Ossuary (visited)
   Lair: D:8-11         Orc: D:9-12

Altars:
Ashenzari
Cheibriados
Dithmenos
Elyvilon
Fedhas
Gozag
Hepliaklqana
Kikubaaqudgha
Makhleb
Nemelex Xobeh
Okawaru
Qazlal
Ru
Sif Muna
Trog
Uskayaw
Vehumet
Wu Jian
Xom
Yredelemnul
Zin
The Shining One

Shops:
D:4 *=

Annotations:
D:6 1 runed translucent door
D:8 3 runed translucent doors, Drain's ghost, novice OpCj


Innate Abilities, Weirdness & Mutations

Your dull iron-grey scales are very hard. (AC +12)
You are amphibious.
You cannot fit into any form of body armour.
You are cold-blooded and may be slowed by cold attacks.


Message History

The centaur warrior is lightly wounded.
The centaur warrior's fire resistance burns away.
The six-headed hydra closely misses you.
The six-headed hydra bites you.
The six-headed hydra closely misses you. x2
The six-headed hydra bites you!
The six-headed hydra completely misses you.
A yak comes into view.
Casting: Scorch (safe; 1% risk of failure)
Confirm with . or Enter, or press ? or * to list all spells.
You feel a surge of power!
Flames lash the six-headed hydra.
The six-headed hydra is lightly wounded.
The six-headed hydra's fire resistance burns away.
The centaur warrior hits you. You block the centaur warrior's attack.
The six-headed hydra bites you but does no damage.
You block the six-headed hydra's attack.
The six-headed hydra bites you.
The six-headed hydra bites you but does no damage.
The six-headed hydra closely misses you.
The six-headed hydra completely misses you.
The yak snorts and paws the ground.
The yak gores you.
A wraith comes into view.
Casting: Scorch (safe; 1% risk of failure)
Confirm with . or Enter, or press ? or * to list all spells.
You feel a surge of power!
Flames lash the yak.
The yak is lightly wounded.
The yak's fire resistance burns away.
You block the centaur warrior's attack.
The centaur warrior kicks you but does no damage.
The six-headed hydra bites you but does no damage.
The six-headed hydra bites you. x2
* * * LOW HITPOINT WARNING * * *
The six-headed hydra closely misses you.
You block the six-headed hydra's attack.
The six-headed hydra bites you!
* * * LOW HITPOINT WARNING * * *
The centaur warrior hits you.
* * * LOW HITPOINT WARNING * * *
The centaur warrior kicks you.
You die...

#....#..# #....# #
#...†#8.# #....# #
#....#..# #....# #
#....#.)# #....# +
#....#8.# #....# #
#....#.W## #....# #
#....##..## .##..^.# #
##..^.##.c####..##....##
# ##....##YY@DY.##....##
########....##Yc###....##
#S......##...###....###)#
#o##########......###...#
#.# ########...).# ##S#
#..[...<.# #..#
#........# ##.##
####.##### .†.# #..###


You could see a six-headed hydra (combustible), a centaur warrior (combustible),
4 yaks, a wraith and a centaur.

Vanquished Creatures
  A two-headed ogre (D:8)
  A deep elf pyromancer (D:9)
  Pikel (D:7)
  Maurice (D:8)
  A kobold demonologist (D:9)
  A meliai (D:9)
  2 hornets
  Grinder (D:3)
  Sigmund (D:2)
  2 yaks (D:9)
  A wyvern (D:8)
  A steam dragon (D:9)
  An acid dragon (D:9)
  2 water moccasins
  2 orc warriors (D:9)
  2 ice beasts
  A black bear (D:7)
  An ogre (D:4)
  3 lemures
  4 centaurs
  2 phantoms
  2 kobold brigands (D:7)
  4 bullfrogs
  A scorpion (D:5)
  6 water moccasin zombies (Ossuary)
  2 wights (D:9)
  18 killer bees
  2 jellies (D:6)
  A gnoll bouda (D:6)
  An orc priest (D:8)
  A sleepcap (D:7)
  Jessica (D:3)
  4 orc wizards
  2 mummies (Ossuary)
  Robin (D:3)
  14 gnolls
  4 adders
  2 shadow imps
  A white imp (D:6)
  An ufetubus (D:6)
  8 adder zombies (Ossuary)
  2 worms (D:4)
  6 dart slugs
  9 orcs
  4 endoplasms
  5 giant cockroaches
  3 gnoll zombies (Ossuary)
  10 goblins
  7 hobgoblins
  2 quokkas
  12 ball pythons
  5 bats
  9 frilled lizards
  8 hobgoblin zombies (Ossuary)
  23 kobolds
  3 kobold zombies (Ossuary)
  2 orc zombies (Ossuary)
  6 rats
224 creatures vanquished.

Vanquished Creatures (collateral kills)
  2 foxfires (D:3)
2 creatures vanquished.

Vanquished Creatures (others)
  971 foxfires
971 creatures vanquished.

Grand Total: 1197 creatures vanquished

Notes
Turn   | Place    | Note
-------+----------+-------------------------------------------
     0 | D:1      | Pepete the Draconian Fire Elementalist began the quest for
                  | the Orb.
     0 | D:1      | Reached XP level 1. HP: 14/14 MP: 3/3
  1057 | D:1      | Reached XP level 2. HP: 20/20 MP: 0/5
  2688 | D:1      | Reached XP level 3. HP: 26/26 MP: 2/6
  2739 | D:1      | Found a faded altar of an unknown god.
  3654 | D:2      | Found a shadowy altar of Dithmenos.
  5317 | D:2      | Noticed Sigmund
  5322 | D:2      | Learned a level 2 spell: Scorch
  5334 | D:2      | Killed Sigmund
  5335 | D:2      | Reached XP level 4. HP: 32/33 MP: 0/9
  5335 | D:2      | Reached XP level 5. HP: 37/38 MP: 0/10
  5625 | D:3      | Noticed Robin
  5653 | D:3      | Killed Robin
  6288 | D:3      | Learned a level 3 spell: Volatile Blastmotes
  6624 | D:3      | Noticed Jessica
  6627 | D:3      | Killed Jessica
  6628 | D:3      | Reached XP level 6. HP: 45/45 MP: 5/11
  6922 | D:3      | Noticed Grinder
  6932 | D:3      | Paralysed by Grinder for 5 turns
  6951 | D:3      | Paralysed by Grinder for 2 turns
  6957 | D:3      | Paralysed by Grinder for 4 turns
  6964 | D:3      | Killed Grinder
  6965 | D:3      | Reached skill level 5 in Fire Magic
  7797 | D:4      | Found Nihufy's Gadget Gallery.
  7805 | D:4      | Your scales start taking on a dull iron-grey colour.
  7805 | D:4      | Reached XP level 7. HP: 50/50 MP: 7/13
  7905 | D:4      | Found a glowing silver altar of Zin.
  8268 | D:4      | Found a sand-covered staircase.
  8273 | Ossuary  | Entered an ossuary
  9266 | Ossuary  | Reached skill level 5 in Spellcasting
  9266 | Ossuary  | Reached skill level 5 in Conjurations
  9823 | Ossuary  | Reached XP level 8. HP: 57/57 MP: 8/15
 10756 | D:4      | Found a staircase to the Ecumenical Temple.
 10907 | D:4      | Found Wokhozaobo's Jewellery Boutique.
 10940 | Temple   | Entered the Ecumenical Temple
 11093 | Temple   | Became a worshipper of Vehumet
 11294 | D:5      | Entered Level 5 of the Dungeon
 11745 | D:5      | Learned a level 4 spell: Flame Wave
 12749 | D:6      | Identified the +10 trident of the Twenty Beds {holy, Will+}
 13359 | D:6      | Found a runed translucent door.
 13610 | D:6      | Found a basalt altar of Yredelemnul.
 14618 | D:7      | Noticed Pikel
 15636 | D:7      | Reached XP level 9. HP: 54/62 MP: 14/18
 16472 | D:7      | Reached skill level 1 in Shields
 16568 | D:7      | Reached * piety under Vehumet
 16568 | D:7      | Offered knowledge of Sandblast by Vehumet.
 16601 | D:7      | Killed Pikel
 17417 | D:8      | Noticed a two-headed ogre
 17433 | D:8      | Killed a two-headed ogre
 17434 | D:8      | Reached XP level 10. HP: 45/69 MP: 16/21
 17690 | D:8      | You fall into a shaft and drop 2 floors!
 17690 | D:10     | Entered Level 10 of the Dungeon
 17691 | D:10     | Identified a scroll of acquirement
 17715 | D:9      | Acquired the ring "Neniwnusm" {Wiz rN+ Will+ Int+2 Dex+2}
 17730 | D:9      | Found a shadowy altar of Dithmenos.
 18170 | D:8      | Found a runed translucent gate.
 18170 | D:8      | Found a runed translucent gate.
 18211 | D:8      | Found a runed translucent gate.
 18211 | D:8      | Noticed Drain's ghost (novice OpCj)
 18726 | D:8      | Noticed Maurice
 18733 | D:8      | Killed Maurice
 18832 | D:9      | Noticed a deep elf pyromancer
 18840 | D:9      | Killed a deep elf pyromancer
 18982 | D:9      | Reached skill level 5 in Shields
 19795 | D:9      | Noticed a six-headed hydra
 19796 | D:9      | Noticed a centaur warrior
 19800 | D:9      | HP: 2/69 [centaur warrior (6)]
 19800 | D:9      | Slain by a centaur warrior

Illustrated notes

Levels and vault maps discovered:
D:1:      onia_arrival_handbag, layout_loops_ring, basic_ecumenical_altar
D:2:      layout_basic, basic_altar, nrook_uturn, uniq_sigmund
D:3:      layout_basic, minmay_lizard_king, uniq_grinder, uniq_robin,
          uniq_jessica
D:4:      layout_gridville, zin_academy, minmay_temple_entry_glassed_door,
          enter_ossuary_5, serial_shops, shop, nicolae_shop_gadgets
D:5:      layout_loops_cross, minivault_14, kennysheep_small_spiral,
          guppyfry_early_lair_pool
D:6:      layout_basic, dk_yredelemnul_ordeal
D:7:      layout_rooms, serial_bayou_pond_a, uniq_pikel
D:8:      layout_gridville, ebering_ghost_rock_garden, uniq_maurice
D:9:      layout_roguey, nicolae_dithmenos_the_darkroom, orc_0_dummy,
          nzn_random_ring, uniq_maggie
D:10:     layout_layer_cave, serial_bayou_pond_c, st_stairs_3
Temple:   nicolae_temple_bog_church

Skill      XL: |  1  2  3  4  5  6  7  8  9 10 |
---------------+-------------------------------+-----
Conjurations   | 3 4 5 6 8 9 |  9.1
Spellcasting   | 3 4 5 6 7 8 |  8.6
Fire Magic     | 4 5 6 7 8 9 |  9.7
Shields        | 3 5 |  5.6
Dodging        | |  1.7
Stealth        | |  1.7

Action                     |  1- 3 |  4- 6 |  7- 9 | 10-12 || total
---------------------------+-------+-------+-------+-------++-------
  Melee: Unarmed           |       |       |    74 |       ||    74
         Tailslap          |       |       |    19 |       ||    19
         Punch             |       |       |     3 |       ||     3
   Cast: Foxfire           |   118 |    81 |   330 |    76 ||   605
         Scorch            |       |       |    79 |    39 ||   118
         Volatile Blastmot |       |       |       |    14 ||    14
    Use: Scroll            |       |     7 |     7 |     8 ||    22
         Potion            |       |       |     6 |       ||     6
 Armour: Skin              |     7 |     4 |   113 |    28 ||   152
  Dodge: Dodged            |    14 |     7 |   181 |    33 ||   235
  Block: Buckler           |       |       |    19 |    23 ||    42
